 Dungeon Crawl Stone Soup version 0.17-a0-1508-ge7f3dc3 (webtiles) character file.

2642 Jb9000 the Sneak (level 9, -5/49 HPs)
             Began as a Gargoyle Fighter on July 10, 2015.
             Was a Believer of Okawaru.
             Slain by a yak (7 damage)
             ... on level 7 of the Dungeon.
             The game lasted 00:29:20 (5894 turns).

Jb9000 the Sneak (Gargoyle Fighter)                 Turns: 5894, Time: 00:29:20

Health: -5/49      AC: 15    Str: 23    XL:     9   Next: 61%
Magic:  14/14      EV: 11    Int: 10    God:    Okawaru [**....]
Gold:   13         SH: 10    Dex: 11    Spells: 0 memorised, 15 levels left

rFire  . . .     SeeInvis .     z - +10 broad axe of Bexout {venom, rElec Str+3}
rCold  . . .     Clarity  +     k - +1 troll leather armour {Purgy}
rNeg   + . .     SustAt   .     c - +0 shield
rPois  ∞         Gourm    .     o - +0 helmet
rElec  +         Spirit   .     (no cloak)
rCorr  .         Warding  .     l - +0 pair of gloves
rMut   .         Stasis   .     m - +0 pair of boots
MR     .....                    (no amulet)
Stlth  +++.......               H - ring of wizardry
                                G - ring of poison resistance

@: not resistant to hostile enchantments, fairly stealthy
A: blurry vision 1, clarity, frail 1, negative energy resistance 1, electricity
resistance, unbreathing, petrification resistance, rot immunity, AC +5
a: Heroism, Renounce Religion


You were on level 7 of the Dungeon.
You worshipped Okawaru.
Okawaru was pleased with you.
You were hungry.

You visited 2 branches of the dungeon, and saw 8 of its levels.
You also visited: Sewer.

You collected 362 gold pieces.
You spent 349 gold pieces at shops.

Inventory:

Hand weapons
 a - a +1 flail
 q - a +4 mace of draining
 z - the +10 broad axe of Bexout (weapon) {venom, rElec Str+3}
   (You bought it in a shop on level 7 of the Dungeon)

   It poisons the flesh of those it strikes.
   It affects your strength (+3).
   It insulates you from electricity.
Missiles
 i - 112 bolts
 r - 41 arrows
 s - 3 needles of confusion
 u - 15 bolts of frost
 v - 19 poisoned arrows
Armour
 b - a +0 scale mail
 c - a +0 shield (worn)
 k - a +1 troll leather armour (worn) {Purgy}
 l - a +0 pair of gloves (worn)
 m - a +0 pair of boots (worn)
 o - a +0 helmet (worn)
 p - the +1 leather armour "Moar Dont" {rF- rN+++ MP-9 SInv}
   (You found it on level 4 of the Dungeon)

   It makes you vulnerable to fire.
   It renders you almost immune to negative energy.
   It affects your magic capacity (-9).
   It lets you see invisible.
Jewellery
 f - an uncursed amulet of resist mutation
 G - a ring of poison resistance (left hand)
 H - a ring of wizardry (right hand)
Magical devices
 x - a wand of enslavement (21)
 y - a wand of enslavement (14)
Scrolls
 j - 5 scrolls of identify
 n - a scroll of fear
 w - 6 scrolls of recharging
 A - 5 scrolls of remove curse
Potions
 d - 6 potions of flight
 C - a potion of heal wounds
Comestibles
 e - 8 bread rations
 h - 6 chunks of flesh
 t - 2 meat rations
 B - a slice of pizza
 E - a beef jerky
 F - a royal jelly


   Skills:
 + Level 5.9 Fighting
 * Level 1.9(3.3) Axes
 - Level 4.6(4.8) Maces & Flails
 + Level 1.3 Throwing
 + Level 5.7 Armour
 + Level 3.2 Dodging
 + Level 7.1 Stealth
 + Level 5.8 Shields
 - Level 3.5 Spellcasting
 + Level 1.6 Invocations
 + Level 1.2 Evocations


You had 15 spell levels left.
You didn't know any spells.

Dungeon Overview and Level Annotations

Branches:
Dungeon (7/15)             Temple (1/1) D:4

Altars:
Ashenzari
Cheibriados
Dithmenos
Elyvilon
Fedhas
Gozag
Kikubaaqudgha
Makhleb
Nemelex Xobeh
Okawaru
Qazlal
Ru
Sif Muna
Trog
Vehumet
Xom
Yredelemnul
Zin
The Shining One

Shops:
D:7 *(


Innate Abilities, Weirdness & Mutations

You are resistant to torment.
Your stone body is resilient (AC +5).
You are immune to poison.
You resist negative energy.
You are resistant to electric shocks.
You can survive without breathing.
You are immune to petrification.
You are immune to rotting.
Scrolls take you a little longer to read.
You possess an exceptional clarity of mind.
You are frail (-10% HP).


Message History

The yak is almost dead.
You kill the yak!
Okawaru accepts your kill. You block the yak's attack.
You hit the yak.
The yak is poisoned.
The yak is lightly wounded.
The yak gores you.
* * * LOW HITPOINT WARNING * * *
Drink which item? (? for menu, Esc to quit)
You feel better. The yak gores you.
* * * LOW HITPOINT WARNING * * *
You barely miss the yak.
The yak is moderately wounded.
The yak gores you!
* * * LOW HITPOINT WARNING * * *
The yak misses you.
You slash the yak!
The yak looks even sicker.
The yak is severely wounded.
The yak gores you!
You die...

#...# ######### ##)#.#
#.......# #..#.# #.#####.#
##.#.# #.#.....#
############# #..#.#
#.#.##### ..........<.#
####>###.#.#
###.############.......#.#
###.#######..).#########.#
..........+...(Y@..# #.#
###.#######(...###.# #.# #
#.# ((((..... #.# #.# #
#.# ##.......##.# #.# #
#.# ......)...#.#####.# #
#.# ###########.#.....# #
#.# .........'##### ###.#
######..∩..# .##.#
..........#


You could see a yak.

Vanquished Creatures
  A spriggan (D:7)
  4 yaks (D:7)
  An orc warrior (D:6)
  Purgy (D:3)
  2 ice beasts (D:6)
  3 sky beasts
  5 ogres
  A necrophage (D:7)
  3 giant frogs
  The ghost of Duffy the Gusty, an average VSAE of Kikubaaqudgha (Sewer)
  A crimson imp (D:4)
  A hound (D:6)
  An orc priest (D:4)
  Jessica (D:3)
  4 orc wizards
  3 worker ants
  8 adders
  A white imp (D:4)
  A shadow imp (D:6)
  An ooze (D:1)
  An adder zombie (D:6)
  2 worms
  An adder skeleton (D:6)
  2 giant geckos (D:2)
  8 orcs
  2 ball pythons
  13 bats
  2 bat skeletons
  4 giant cockroaches
  11 hobgoblins
  9 kobolds
  9 giant newts
  14 goblins
  8 jackals
  5 quokkas
  8 rats
143 creatures vanquished.

Vanquished Creatures (collateral kills)
  A worker ant (D:6)
  A ball python (Sewer)
  A giant newt (Sewer)
3 creatures vanquished.

Grand Total: 146 creatures vanquished

Notes
Turn   | Place    | Note
--------------------------------------------------------------
     0 | D:1      | Jb9000 the Gargoyle Fighter began the quest for the Orb.
     0 | D:1      | Reached XP level 1. HP: 14/14 MP: 1/1
   102 | D:1      | Reached skill level 1 in Stealth
   102 | D:1      | Reached XP level 2. HP: 17/19 MP: 2/2
   750 | D:2      | Reached XP level 3. HP: 23/23 MP: 3/3
  1377 | D:2      | Reached skill level 1 in Spellcasting
  1424 | D:3      | Noticed Jessica
  1428 | D:3      | Killed Jessica
  1428 | D:3      | Reached XP level 4. HP: 28/28 MP: 5/5
  1582 | D:3      | Found a white marble altar of Elyvilon.
  1729 | D:3      | Found a glowing drain.
  1768 | D:3      | HP: 1/29 [adder (2)]
  1771 | D:3      | Reached XP level 5. HP: 1/33 MP: 7/7
  1783 | Sewer    | Entered a sewer
  1868 | Sewer    | Noticed Duffy's ghost (average VSAE)
  1883 | Sewer    | Killed Duffy's ghost
  1883 | Sewer    | Reached skill level 4 in Fighting
  1883 | Sewer    | Reached skill level 1 in Dodging
  1896 | Sewer    | Noticed Purgy
  2571 | D:3      | Killed Purgy
  2571 | D:3      | Reached XP level 6. HP: 12/38 MP: 8/8
  3098 | D:4      | Got a jewelled leather armour
  3109 | D:4      | Identified the +1 leather armour "Moar Dont" {rF- rN+++ MP-9 SInv} (You found it on level 4 of the Dungeon)
  3654 | D:4      | Reached XP level 7. HP: 39/44 MP: 1/10
  3669 | D:4      | Found a staircase to the Ecumenical Temple.
  3695 | Temple   | Entered the Ecumenical Temple
  3797 | Temple   | Became a worshipper of Warmaster Okawaru
  3863 | D:5      | Entered Level 5 of the Dungeon
  4056 | D:5      | Gained mutation: You are frail (-10% HP). [mutagenic meat]
  4057 | D:5      | Gained mutation: Scrolls take you a little longer to read. [mutagenic meat]
  4347 | D:5      | Gained mutation: You possess an exceptional clarity of mind. [potion of beneficial mutation]
  4462 | D:6      | Reached skill level 5 in Stealth
  4568 | D:6      | Reached XP level 8. HP: 4/43 MP: 10/12
  4581 | D:6      | Acquired Okawaru's first power
  4631 | D:6      | Reached skill level 5 in Fighting
  4881 | D:6      | Found a sparkling altar of Nemelex Xobeh.
  5113 | D:6      | Reached skill level 5 in Armour
  5113 | D:6      | Reached skill level 6 in Stealth
  5125 | D:6      | Reached skill level 5 in Shields
  5593 | D:7      | Reached XP level 9. HP: 44/48 MP: 14/14
  5646 | D:7      | Found Xyataiv's Antique Weapon Emporium.
  5699 | D:7      | Found Tonwab's Assorted Antiques.
  5752 | D:7      | Bought a crude broad axe for 234 gold pieces
  5752 | D:7      | Identified the +10 broad axe of Bexout {venom, rElec Str+3} (You bought it in a shop on level 7 of the Dungeon)
  5759 | D:7      | Bought a tubular granite ring for 115 gold pieces
  5868 | D:7      | Reached skill level 1 in Axes
  5876 | D:7      | Reached skill level 7 in Stealth
  5876 | D:7      | Reached skill level 1 in Invocations
  5882 | D:7      | Reached skill level 1 in Throwing
  5888 | D:7      | Reached skill level 1 in Evocations
  5893 | D:7      | HP: 1/49 [yak (11)]
  5894 | D:7      | Slain by a yak

Vault maps used:
D:1:      saegor_arrival_simple_c
D:2:      kennysheep_generic_room_11
D:3:      lemuel_round_altar, portal_sewer_entry_d, uniq_jessica
D:4:      minmay_temple_entry_purple_smoke, first_bread, minmay_fire_ice_demons
D:5:      wad_lake_hut
D:6:      basic_altar, st_stairs_13
D:7:      serial_shops, shop, shop, the_bakery
Temple:   grunt_circular_temple_18
Sewer:    sewer_co_purgy_island

Action                   |  1- 3 |  4- 6 |  7- 9 || total
-------------------------+-------+-------+-------++-------
Melee: Flail             |   127 |   273 |       ||   400
       Mace              |       |    29 |   190 ||   219
       Broad axe         |       |       |    31 ||    31
Throw: Javelin           |       |       |     6 ||     6
Evoke: Wand              |       |     3 |     3 ||     6
  Use: Potion            |       |    14 |     6 ||    20
       Scroll            |       |    11 |     6 ||    17
 Stab: Invisible         |       |     4 |       ||     4
       Sleeping          |       |       |     9 ||     9
  Eat: Chunk             |     2 |     2 |     7 ||    11
       Beef jerky        |       |     1 |       ||     1
       Meat ration       |       |     1 |       ||     1
       Bread ration      |       |       |     1 ||     1
